 Dungeon Crawl Stone Soup version 0.27-a0-419-g7a85846853 (webtiles) character file.

Game seed: 538252400821630176

24959 Chiseanne the Fighter (level 12, -15/102 HPs)
             Began as a Demonspawn Wanderer on Feb 26, 2021.
             Was an Initiate of Gozag.
             Killed from afar by a lindwurm (42 damage)
             ... with a blast of flame
             ... summoned by Kirke
             ... on level 12 of the Dungeon.
             The game lasted 00:31:27 (14457 turns).

Chiseanne the Fighter (Demonspawn Wanderer)        Turns: 14457, Time: 00:31:27

Health: -15/102    AC:  0    Str: 14    XL:     12   Next: 85%
Magic:  14/14      EV: 22    Int: 13    God:    Gozag
Gold:   2146       SH:  5    Dex: 17    Spells: 13/13 levels left

rFire    . . .     SeeInvis .   (weapon currently unavailable)
rCold    . . .     Faith    .   (shield currently unavailable)
rNeg     . . .     Spirit   .   (armour currently unavailable)
rPois    .         Reflect  +   (helmet currently unavailable)
rElec    .         Harm     .   (cloak currently unavailable)
rCorr    .         Rampage  .   (gloves currently unavailable)
Will     .....                  (boots currently unavailable)
Stlth    ++........             h - amulet of reflection
HPRegen  0.27/turn              (ring currently unavailable)
MPRegen  0.14/turn              (ring currently unavailable)

@: pig-form, slowed, studying Ice Magic
A: small, demonic guardian 2
a: Renounce Religion, Potion Petition, Call Merchant, Bribe Branch


You were on level 12 of the Dungeon.
You worshipped Gozag.
Gozag was most pleased with you.
You were a filthy swine.
You visited 2 branches of the dungeon, and saw 14 of its levels.

You collected 2450 gold pieces.
You spent 195 gold pieces at shops.
You paid 109 gold pieces to Gozag.

Inventory:

Hand Weapons
 a - the +8 flail of Malaise {vorpal, rPois}
   (You found it on level 7 of the Dungeon)

   It inflicts extra damage upon your enemies.
   It protects you from poison.
 b - a +3 broad axe
 d - a +3 hand axe of venom (melded)
 s - a +1 scimitar of flaming
 P - a +7 eveningstar of freezing
Missiles
 e - 372 stones (quivered)
 f - 49 poisoned darts
 g - 156 arrows
 p - 2 curare-tipped darts
 u - 7 silver javelins
 v - 113 sling bullets
 y - 18 javelins
 H - 132 bolts
 K - a throwing net
 Q - 8 boomerangs
Armour
 l - a +1 pair of gloves (melded)
 m - a +0 tower shield (melded)
 t - a +0 helmet (melded)
 J - +1 swamp dragon scales (melded)
 X - a +2 cloak (melded)
Jewellery
 h - an amulet of reflection (around neck)
 r - the ring of the Madman (melded) {rN+ Str+4 Int+4}
   (You found it on level 6 of the Dungeon)

   [ring of positive energy]

   It affects your strength (+4).
   It affects your intelligence (+4).
   It protects you from negative energy.
 E - a ring of see invisible
 I - a +4 ring of evasion (melded)
 S - a +6 ring of dexterity
 W - a ring of ice
Wands
 z - a wand of flame (16)
 G - a wand of iceblast (20)
 T - a wand of mindburst (21)
Scrolls
 c - 5 scrolls of teleportation
 k - 4 scrolls of fog
 w - 2 scrolls of amnesia
 B - a scroll of magic mapping
 D - 3 scrolls of blinking
 L - a scroll of fear
 M - 2 scrolls of silence
 N - 2 scrolls of brand weapon
Potions
 i - 2 potions of curing
 j - a potion of cancellation
 n - 3 potions of mutation
 o - 3 potions of lignification
 q - 2 potions of flight
 C - a potion of magic
 F - 2 potions of heal wounds {unknown}
 O - a potion of resistance
 R - a potion of ambrosia {unknown}
Miscellaneous
 U - a phial of floods (inert)


   Skills:
 - Level 12.1 Fighting
 - Level 10.0 Armour
 - Level 9.9 Dodging
 - Level 1.7 Stealth
 - Level 6.2 Shields
 - Level 1.4 Spellcasting
 * Level 11.8 Ice Magic
 - Level 1.0 Evocations


You had 13 spell levels left.
You didn't know any spells.
Your spell library contained the following spells:

 Spells                   Type           Power        Failure   Level
 Summon Ice Beast         Ice/Summ       16%          24%         4
 Magic Dart               Conj           0%           26%         1
 Shock                    Conj/Air       0%           26%         1
 Summon Small Mammal      Summ           0%           26%         1
 Blink                    Tloc           N/A          38%         2
 Call Imp                 Summ           0%           38%         2
 Slow                     Hex            0%           38%         2
 Swiftness                Air            0%           38%         2
 Metabolic Englaciation   Hex/Ice        8%           54%         5
 Call Canine Familiar     Summ           0%           63%         3
 Confusing Touch          Hex            0%           63%         3
 Conjure Flame            Conj/Fire      0%           63%         3
 Gell's Gravitas          Tloc           0%           63%         3
 Mephitic Cloud           Conj/Pois/Air  0%           63%         3
 Static Discharge         Conj/Air       0%           63%         3
 Summon Guardian Golem    Hex/Summ       0%           63%         3
 Airstrike                Air            0%           95%         4
 Petrify                  Tmut/Erth      0%           95%         4
 Summon Lightning Spire   Summ/Air       0%           95%         4
 Lightning Bolt           Conj/Air       0%           100%        5
 Yara's Violent Unravell  Hex/Tmut       0%           100%        5


Dungeon Overview and Level Annotations

Branches:
Dungeon (13/15)            Temple (1/1) D:6            Lair (0/6) D:11
    Orc (0/2) D:9
 Vaults: D:13-14

Altars:
Ashenzari
Cheibriados
Elyvilon
Gozag
Hepliaklqana
Makhleb
Nemelex Xobeh
Okawaru
Ru
Sif Muna
Trog
Yredelemnul
The Shining One

Shops:
D:4 [!*=   D:5 [(:   D:7 [   D:8 ?

Annotations:
D:12 1 runed translucent door, Kirke


Innate Abilities, Weirdness & Mutations

((You have hoof-like feet.))
A demonic guardian rushes to your aid.
((You are partially covered in sharp spines.))
((Your movements are slightly less encumbered by armour. (ER -2)))


Message History

You bite Kirke!
Kirke is almost dead.
Kirke barely misses you.
You closely miss Kirke.
Kirke is almost dead.
You block Kirke's attack.
You barely miss Kirke.
Kirke is almost dead.
Kirke closely misses you.
You closely miss Kirke.
Kirke is almost dead.
Kirke hits you with a +0 battleaxe!
You hit Kirke.
Kirke is almost dead.
Kirke casts a spell at you.
You struggle to resist.
You barely miss Kirke.
Kirke is almost dead.
You block Kirke's attack.
You barely miss Kirke.
Kirke is almost dead.
Kirke points at herself and mumbles some strange words.
Kirke flickers and vanishes!
Deactivating autopickup; reactivate with Ctrl-A.
You barely miss something. Something closely misses you.
You hit something. Something hits you!!
* * * LOW HITPOINT WARNING * * *
You miss something. Something hits you.
* * * LOW HITPOINT WARNING * * *
You hear some strange, mumbled words.
Something tries to affect you, but you resist.
You feel as though you will be slow longer.
You hear some strange, mumbled words.
Something summons a lindwurm!
You feel a momentary urge to oink.
Something summons a sphinx!
The lindwurm breathes flames at you. The blast of flame hits you!!!
You die...
Your body crumbles into a pile of gold.

.##.....##.......)...............
##...#...##..............[.......
#.........##....##..........<.<..
...##.##...##...........>........
..#.....#...#..........[))......#
..#.....#...#....).))).).)......#
#....8....#.k........)..[.[.....#
..#..)..#...#....[.....)().....##
..#.....#...##..h.....))).#......
...##.##...##............)#....##
#........k##...................#
##...#...##...................###
.##.....###............#..#.....#
..###H###.#............#..#....##
.......................#..######
#....{...#.................#
###......#.###.........#.###


You could see a lindwurm (summoned, catching breath).

Vanquished Creatures
  Frances (D:12)
  Josephine (D:13)
  3 vault guards
  A boulder beetle (D:12)
  A hydra (D:13)
  2 two-headed ogres (D:12)
  Erica (D:8)
  A tengu warrior (D:11)
  Urug (D:12)
  Nergalle (D:10)
  An unseen horror (D:10)
  Pikel (D:9)
  A wolf spider zombie (D:11)
  An ugly thing (D:11)
  A cyclops (D:12)
  Maurice (D:12)
  Joseph (D:10)
  3 rime drakes (D:12)
  2 polar bears (D:12)
  A hornet (D:11)
  Sigmund (D:7)
  A shadow (D:11)
  7 wraiths
  A yak (D:11)
  3 hogs (D:13)
  3 vampire mosquitoes (D:12)
  Edmund (D:7)
  A soldier ant (D:11)
  An acid dragon (D:11)
  2 water moccasins (D:13)
  2 sky beasts
  4 ice beasts
  7 orc warriors
  2 black bears
  8 ogres
  4 centaurs
  A lemure (D:9)
  A phantom (D:6)
  2 kobold brigands (D:12)
  7 bullfrogs
  2 gnoll sergeants
  3 scorpions
  6 killer bees (D:10)
  19 wights
  4 howler monkeys
  2 bullfrog zombies
  A quasit (D:12)
  4 hounds
  2 bullfrog skeletons
  10 orc priests
  3 centaur skeletons
  A gnoll shaman (D:7)
  4 jellies
  3 iguanas
  13 orc wizards
  11 worker ants
  2 hound zombies
  A hound skeleton (D:9)
  12 gnolls
  10 adders
  A white imp (D:8)
  2 ufetubi
  An ooze (D:1)
  2 adder zombies
  3 worms
  4 dart slugs
  6 leopard geckos
  44 orcs
  A ball python (D:2)
  6 bats
  3 giant cockroaches
  3 goblins
  7 hobgoblins
  13 jackals
  4 quokkas
  4 frilled lizards
  19 kobolds
  A leopard gecko skeleton (D:4)
  4 rats
326 creatures vanquished.

Vanquished Creatures (collateral kills)
  An ice dragon (D:12)
  A two-headed ogre (D:13)
  A centaur zombie (D:12)
  Maggie (D:7)
  A vampire mosquito (D:12)
  An orc warrior (D:11)
  A necrophage (D:7)
  An ogre (D:8)
  A phantom (D:5)
  A jelly (D:6)
  An orc priest (D:11)
  A hound (D:3)
  An iguana (D:8)
  An adder (D:3)
  2 orcs
  A jackal (D:3)
  A rat (D:2)
18 creatures vanquished.

Vanquished Creatures (others)
  12 fungi (D:11)
  18 plants (D:11)
30 creatures vanquished.

Grand Total: 374 creatures vanquished

Notes
Turn   | Place    | Note
-------+----------+-------------------------------------------
     0 | D:1      | Chiseanne the Demonspawn Wanderer began the quest for the
                  | Orb.
     0 | D:1      | Chiseanne set off with the following items: a +0 spear, a
                  | +2 scale mail, a scroll of teleportation, a +0 dagger
     0 | D:1      | Reached XP level 1. HP: 22/22 MP: 1/1
   255 | D:1      | Gained mutation: A weak demonic guardian rushes to your
                  | aid. [demonic ancestry]
   255 | D:1      | Reached XP level 2. HP: 28/28 MP: 2/2
   781 | D:2      | Reached skill level 1 in Dodging
   899 | D:2      | Gained mutation: Your movements are slightly less
                  | encumbered by armour. (ER -2) [demonic ancestry]
   899 | D:2      | Reached XP level 3. HP: 30/34 MP: 3/3
  1562 | D:3      | Gained mutation: A demonic guardian rushes to your aid.
                  | [demonic ancestry]
  1562 | D:3      | Reached XP level 4. HP: 32/41 MP: 4/4
  2019 | D:3      | Gained mutation: You have large cloven feet. [demonic
                  | ancestry]
  2019 | D:3      | Reached XP level 5. HP: 13/47 MP: 5/5
  2731 | D:4      | Reached skill level 7 in Fighting
  2767 | D:4      | Noticed an ogre
  2771 | D:4      | Reached XP level 6. HP: 55/55 MP: 6/6
  2844 | D:4      | Found Kegivera's Jewellery Boutique.
  2904 | D:4      | Found Jilyovus's Assorted Antiques.
  3010 | D:4      | Found Nuegriys's Antique Armour Boutique.
  3044 | D:4      | Found Mebigarext's Distillery.
  3244 | D:4      | Reached XP level 7. HP: 51/60 MP: 7/7
  3303 | D:4      | Found a hazy altar of Hepliaklqana.
  3462 | D:5      | Entered Level 5 of the Dungeon
  3828 | D:5      | Found Kokhleim's Armour Shoppe.
  3869 | D:5      | Found Quewkol's Antique Weapon Shop.
  3876 | D:5      | Found Witied's Book Shoppe.
  4383 | D:6      | Identified the ring of the Madman {rN+ Str+4 Int+4}
  4410 | D:6      | Reached skill level 8 in Fighting
  4556 | D:6      | Reached XP level 8. HP: 68/68 MP: 8/8
  4567 | D:6      | Reached skill level 5 in Armour
  4586 | D:6      | Reached skill level 5 in Dodging
  5021 | D:6      | Found a staircase to the Ecumenical Temple.
  5057 | Temple   | Entered the Ecumenical Temple
  5066 | Temple   | Became a worshipper of Gozag Ym Sagoz the Greedy
  5492 | D:7      | Reached skill level 9 in Fighting
  5715 | D:7      | Noticed Sigmund
  5719 | D:7      | Noticed Edmund
  5723 | D:7      | Killed Sigmund
  5724 | D:7      | Reached XP level 9. HP: 70/76 MP: 9/9
  5733 | D:7      | Killed Edmund
  5936 | D:7      | Identified the +8 flail of Malaise {vorpal, rPois}
  6075 | D:7      | Noticed Maggie
  6084 | D:7      | Killed Maggie
  6411 | D:7      | Found Ycziek's Antique Armour Boutique.
  6699 | D:8      | Found Poup's Magic Scroll Shoppe.
  6708 | D:8      | Bought a scroll of teleportation for 30 gold pieces
  6708 | D:8      | Bought a scroll of fog for 20 gold pieces
  6708 | D:8      | Bought 2 scrolls of fear for 70 gold pieces
  6708 | D:8      | Bought a scroll of silence for 75 gold pieces
  7036 | D:8      | Reached skill level 10 in Fighting
  7304 | D:8      | Noticed Erica
  7314 | D:8      | Killed Erica
  7315 | D:8      | Gained mutation: You have hoof-like feet. [demonic
                  | ancestry]
  7315 | D:8      | Reached XP level 10. HP: 68/85 MP: 10/10
  7954 | D:9      | Noticed Pikel
  7969 | D:9      | Killed Pikel
  7970 | D:9      | Reached skill level 1 in Shields
  8201 | D:9      | Found a staircase to the Orcish Mines.
  8606 | D:10     | Entered Level 10 of the Dungeon
  8723 | D:10     | Noticed Nergalle
  8746 | D:10     | Killed Nergalle
  9142 | D:10     | Noticed Joseph
  9153 | D:10     | Killed Joseph
  9154 | D:10     | Reached skill level 11 in Fighting
  9211 | D:10     | Noticed an unseen horror
  9218 | D:10     | Killed an unseen horror
  9650 | D:11     | Gained mutation: You are partially covered in sharp spines.
                  | [demonic ancestry]
  9650 | D:11     | Reached XP level 11. HP: 72/93 MP: 11/11
 10189 | D:11     | Noticed a tengu warrior
 10216 | D:11     | Killed a tengu warrior
 10308 | D:11     | Found an iron altar of Okawaru.
 10485 | D:11     | Noticed a brown ugly thing
 10491 | D:11     | Killed a brown ugly thing
 10605 | D:11     | Reached skill level 5 in Shields
 10686 | D:11     | Found a staircase to the Lair.
 10963 | D:12     | Noticed Urug
 10987 | D:12     | Killed Urug
 10998 | D:12     | HP: 2/95 [rime drake/flash freeze (27)]
 11421 | D:12     | Noticed an ice dragon
 11423 | D:12     | Reached skill level 12 in Fighting
 11439 | D:12     | Killed an ice dragon
 11842 | D:12     | Noticed a boulder beetle
 11844 | D:12     | Noticed a two-headed ogre
 11858 | D:12     | Killed a boulder beetle
 11859 | D:12     | Reached XP level 12. HP: 67/102 MP: 12/12
 11859 | D:12     | Killed a two-headed ogre
 11860 | D:12     | Reached skill level 10 in Armour
 12090 | D:12     | Identified the +1 battleaxe of Ropouw {freeze, rElec Str+4}
 12108 | D:12     | Noticed a two-headed ogre
 12113 | D:12     | Killed a two-headed ogre
 12114 | D:12     | Reached skill level 1 in Spellcasting
 12180 | D:12     | Found a glowing golden altar of the Shining One.
 12180 | D:12     | Found a runed translucent door.
 12180 | D:12     | Noticed an angel
 12301 | D:12     | Noticed Frances
 12321 | D:12     | Killed Frances
 12507 | D:13     | Noticed a two-headed ogre
 12516 | D:13     | Killed a two-headed ogre
 12787 | D:13     | Noticed a seven-headed hydra
 12797 | D:13     | Killed a three-headed hydra
 12829 | D:13     | Noticed Kirke
 12843 | D:13     | Noticed a sphinx
 12864 | D:13     | Noticed a boulder beetle
 13024 | D:13     | Noticed Josephine
 13030 | D:13     | Killed Josephine
 13038 | D:13     | Noticed a vault guard
 13039 | D:13     | Noticed a vault guard
 13049 | D:13     | Noticed a vault guard
 13061 | D:13     | Killed a vault guard
 13062 | D:13     | Reached skill level 10 in Ice Magic
 13066 | D:13     | Killed a vault guard
 13077 | D:13     | Noticed a vault guard
 13078 | D:13     | Noticed a vault guard
 13082 | D:13     | Noticed a vault guard
 13164 | D:13     | Noticed Maurice
 13183 | D:12     | Killed Maurice
 13488 | D:13     | Noticed a vault guard
 13495 | D:13     | Noticed a sphinx
 13764 | D:11     | Killed a vault guard
 14454 | D:12     | Noticed a sphinx
 14457 | D:12     | Killed from afar by a lindwurm

Illustrated notes

Levels and vault maps discovered:
D:1:      dpeg_arrival_arbitrary_a, layout_loops_ring
D:2:      layout_rooms
D:3:      layout_basic
D:4:      layout_loops_ring, lemuel_doored_altar, serial_shops,
          kennysheep_mini_moat, nicolae_shop_trees, shop_fountains,
          nicolae_shop_stone
D:5:      layout_rooms, serial_shops, nicolae_shop_crystal, nicolae_shop_stone,
          nicolae_shop_waterfront, amcnicky_mini_corridor_feature
D:6:      layout_rooms, minmay_temple_entry_wispy
D:7:      layout_basic, serial_shops, nicolae_shop_crystal,
          sigmund_edmund_badplayer, uniq_maggie
D:8:      layout_loops_ring, serial_shops,
          nicolae_shop_temple_entry_statues_fountains, uniq_erica
D:9:      layout_loops_ring, david_orc_2, uniq_pikel
D:10:     layout_small_grid, uniq_nergalle, uniq_joseph
D:11:     layout_loops_corners, grunt_lair_entry_orc_guard_hut,
          okawaru_ov_weapons_minmay
D:12:     minmay_coctagon, layout_cave_pools, minmay_misc_feat_chi,
          lemuel_angel_altar, uniq_urug, uniq_frances
D:13:     layout_loops_cross, erik_vaults_2, uniq_maurice, uniq_josephine,
          uniq_kirke
Temple:   compressed_dpeg_triangle_lava_temple

Skill      XL: |  1  2  3  4  5  6  7  8  9 10 11 12 |
---------------+-------------------------------------+-----
Dodging        | 1 2 3 4 6 7 8 9 |  9.9
Armour         | 2 3 4 6 7 8 9 10 | 10.0
Fighting       | 7 8 9 10 11 12 | 12.1
Shields        | 4 6 |  6.2
Spellcasting   | 1 |  1.4
Ice Magic      | 11 | 11.8
Stealth        | |  1.7
Evocations     | |  1.0

Action                   |  1- 3 |  4- 6 |  7- 9 | 10-12 || total
-------------------------+-------+-------+-------+-------++-------
Melee: Spear             |    50 |       |       |       ||    50
       Mace              |    82 |    54 |       |       ||   136
       Hand axe          |       |    77 |   198 |   153 ||   428
       Kick              |       |    21 |    93 |   167 ||   281
       Flail             |       |       |    80 |   235 ||   315
       Eveningstar       |       |       |       |    91 ||    91
       Unarmed           |       |       |       |    17 ||    17
       Scimitar          |       |       |       |     7 ||     7
Evoke: Wand              |       |       |       |    27 ||    27
       Phial of floods   |       |       |       |     1 ||     1
  Use: Scroll            |     5 |     3 |     8 |    17 ||    33
       Potion            |       |       |     1 |    10 ||    11
 Stab: Distracted        |       |       |     1 |     5 ||     6
       Sleeping          |       |       |     1 |       ||     1
       Invisible         |       |       |       |     2 ||     2
Armor: Scale mail        |    91 |    91 |    71 |       ||   253
       Swamp dragon scal |       |       |    28 |   149 ||   177
Dodge: Dodged            |    91 |   111 |   211 |   424 ||   837
Block: Other             |       |       |    63 |     7 ||    70
       Buckler           |       |       |       |   182 ||   182
       Reflection        |       |       |       |    15 ||    15
       Kite shield       |       |       |       |   175 ||   175
       Tower shield      |       |       |       |    40 ||    40
       Rpst.: Scimitar   |       |       |       |     2 ||     2

Table legend: (Time is in decaauts)
 A = Elapsed time spent in this place.
 B = Non-inter-level travel time spent in this place.
 C = Inter-level travel time spent in this place.
 D = Time resting spent in this place.
 E = Time spent auto-exploring this place.
 F = Levels seen in this place.
 G = Mean time per level.
                   A        B        C        D        E       F      G
               +--------+--------+--------+--------+--------+-----+--------+
         Total |  14883 |  14645 |    238 |   3436 |   8151 |  14 | 1063.1 |
       Dungeon |  14864 |  14626 |    238 |   3436 |   8151 |  13 | 1143.4 |
        Temple |     19 |     19 |      0 |      0 |      0 |   1 |   19.0 |
               +--------+--------+--------+--------+--------+-----+--------+

Top non-repeatable levels by time:
    D:11: 2272 daAuts
    D:12: 1980 daAuts
     D:8: 1285 daAuts
     D:5: 1216 daAuts
     D:7: 1190 daAuts
     D:3: 1090 daAuts
    D:10: 1057 daAuts
     D:4: 1026 daAuts
     D:9: 851 daAuts
    D:13: 761 daAuts
     D:1: 758 daAuts
     D:6: 703 daAuts
     D:2: 668 daAuts
  Temple: 19 daAuts
